 Dungeon Crawl Stone Soup version 0.31-a0-227-ga22c3bf811 (webtiles) character file.

Game seed: 11535414614016067922

6072 Essalna the Fighter (level 10, 0/66 HPs)
             Began as a Tengu Ice Elementalist on July 6, 2023.
             Was a Priest of Vehumet.
             Killed from afar by Erica (23 damage)
             ... with a bolt of poison
             ... on level 10 of the Dungeon.
             The game lasted 00:21:20 (9692 turns).

Essalna the Fighter (Tengu Ice Elementalist)        Turns: 9692, Time: 00:21:20

Health: 0/66       AC: 11    Str:  9    XL:     10   Next: 87%
Magic:  5/14       EV: 17    Int: 19    God:    Vehumet [***...]
Gold:   539        SH:  6    Dex: 15    Spells: 6/13 levels left

rFire   + . .        C - +3 Elemental Staff {rElec rF+ rC+ AC+3}
rCold   + + .        y - +1 buckler {reflect}
rNeg    . . .        o - +0 troll leather armour
rPois   .            (helmet restricted)
rElec   +            n - +1 cloak {Will+}
rCorr   .            l - +0 pair of gloves
SInv    .            (boots unavailable)
Will    +....        (no amulet)
Stlth   +++          u - ring of protection from cold
HPRegen 1.11/turn    (no ring)
MPRegen 0.14/turn

%: reflection
@: lethally poisoned (0 -> -4), freezing walls, flying quickly and evasively,
studying Invocations, quick
A: beak, talons 3, nimble flight, camouflage 1
a: Renounce Religion


You were on level 10 of the Dungeon.
You worshipped Vehumet.
Vehumet was most pleased with you.
You visited 2 branches of the dungeon, and saw 11 of its levels.

You collected 539 gold pieces.

Inventory:

Hand Weapons
 j - a +3 short sword of venom
 C - the +3 Elemental Staff (weapon) {rElec rF+ rC+ AC+3}
   (You acquired it on level 9 of the Dungeon)

   It enhances your fire, ice, earth and air magic.
   AC:        It affects your AC (+3).
   rF:        It protects you from fire.
   rC:        It protects you from cold.
   rElec:     It insulates you from electricity.
Armour
 a - a +1 robe
 h - a +0 cloak
 l - a +0 pair of gloves (worn)
 n - a +1 cloak of willpower (worn)
 o - a +0 troll leather armour (worn)
 t - a +0 buckler
 y - a +1 buckler of reflection (worn)
Magical Staves
 e - a staff of fire
Jewellery
 u - a ring of protection from cold (left hand)
 x - a ring of ice
Wands
 q - a wand of digging (1)
Scrolls
 g - 5 scrolls of teleportation
 m - 2 scrolls of enchant weapon
 p - 2 scrolls of blinking
 r - 4 scrolls of revelation
 s - 2 scrolls of fog
 z - a scroll of enchant armour
 A - 2 scrolls of identify
Potions
 b - a potion of magic
 c - 2 potions of curing
 d - 2 potions of lignification
 f - a potion of enlightenment
 i - 2 potions of ambrosia
 k - 5 potions of might
 v - a potion of brilliance {unknown}
 w - a potion of invisibility {unknown}
 B - a potion of cancellation {unknown}
 D - a potion of haste {unknown}


   Skills:
 + Level 9.5 Fighting
 - Level 4.0 Armour
 + Level 7.8 Dodging
 - Level 2.0 Stealth
 - Level 4.0 Shields
 - Level 2.0 Spellcasting
 + Level 9.4 Ice Magic


You had 6 spell levels left.
You knew the following spells:

 Your Spells              Type           Power      Damage    Failure   Level
a - Freeze                Ice            100%       1d10      1%          1
b - Frozen Ramparts       Ice            100%       1d16      1%          3
c - Ozocubu's Armour      Ice            54%        N/A       1%          3

Your spell library contained the following spells:

 Spells                   Type           Power      Damage    Failure   Level
 Scorch                   Fire           4%         2d5       13%         2
 Kiss of Death            Conj/Necr      4%         2d5       9%          1
 Summon Ice Beast         Ice/Summ       29%        N/A       43%         4
 Sticky Flame             Conj/Fire      2%         2d3       58%         4
 Confusing Touch          Hex            1%         N/A       69%         3
 Dispel Undead            Necr           1%         3d6       97%         4
 Alistair's Intoxication  Tmut/Pois      0%         N/A       100%        5
 Dragon Form              Tmut           0%         N/A       100%        7


Dungeon Overview and Level Annotations

Branches:
Dungeon (10/15)            Temple (1/1) D:5
   Lair: D:8-11         Orc: D:9-12

Altars:
Ashenzari
Cheibriados
Fedhas
Gozag
Hepliaklqana
Kikubaaqudgha
Okawaru
Qazlal
Sif Muna
Uskayaw
Vehumet
Wu Jian
Xom
Zin

Shops:
D:6 [

Annotations:
D:7 1 runed translucent door, Voker57's ghost, novice DsMo
D:10 Erica


Innate Abilities, Weirdness & Mutations

You have a beak for a mouth.
You have claws for feet.
Your magical nature lets you fly swiftly and evasively.
Your skin changes colour to match your surroundings (Stealth+).


Message History

Erica casts a spell at you. The bolt of poison hits you!!
You are poisoned.
You hit Erica. You peck Erica, but do no damage.
Erica is heavily wounded.
You feel very sick.
The wall freezes Erica!
Erica casts a spell at you. The lance of force hits you!!
* * * LOW HITPOINT WARNING * * *
The frozen ramparts melt away as you move.
You are knocked back by the lance of force.
You slam into the rock wall!
* * * LOW HITPOINT WARNING * * *
* * * LOW HITPOINT WARNING * * *
You feel very sick.
Your magical contamination has completely faded away.
You feel better.
Casting: Ozocubu's Armour (safe; 1% risk of failure)
Confirm with . or Enter, or press ? or * to list all spells.
Casting: Frozen Ramparts (safe; 1% risk of failure)
Press: ? - help, Dir - look around, f - activate You feel a surge of power!
The walls around you are covered in ice.
The wall freezes Erica.
Erica hits you with a +2 scimitar of flaming.
* * * LOW HITPOINT WARNING * * *
You feel better.
The wall freezes Erica.
Erica hits you but does no damage.
Casting: Frozen Ramparts (safe; 1% risk of failure)
Confirm with . or Enter, or press ? or * to list all spells.
Aiming: Freeze (safe; 1% risk of failure)
Press: ? - help, Shift-Dir - straight line, f - Erica
Aim: Erica, wielding a +2 scimitar of flaming and wearing a +2 robe of fire resistance (almost dead)
You feel a surge of power!
You freeze Erica.
Erica is almost dead.
The wall freezes Erica but does no damage.
Erica gestures at you while chanting. The bolt of poison hits you!!
You are poisoned.
You die...

#.>......_.
#..........
#.<........
#..........
#####.......###
#.......>......
#..............
#####.........#####
#.@@)†.....####
........##########
.......## ......#
...... ...... .....
.....


You could see Erica.

Vanquished Creatures
  Urug (D:10)
  A troll (D:8)
  Grinder (D:5)
  A wyvern (D:10)
  5 yaks (D:10)
  Grum (D:9)
  2 steam dragons (D:8)
  An acid dragon (D:8)
  3 orc warriors (D:8)
  An ice beast (D:6)
  4 black bears
  2 sky beasts
  2 wolves (D:9)
  2 centaurs
  A kobold brigand (D:7)
  Blork the orc (D:6)
  2 bullfrogs
  4 scorpions
  7 wights (D:9)
  10 killer bees (D:9)
  4 howler monkeys
  5 jellies
  4 hounds
  Crazy Yiuf (D:4)
  9 orc priests
  7 orc wizards
  2 iguanas
  A mummy (D:4)
  11 adders
  A shadow imp (D:7)
  2 ufetubi
  2 worms
  3 dart slugs
  41 orcs
  8 bats
  6 endoplasms
  4 giant cockroaches
  12 goblins
  10 hobgoblins
  5 quokkas
  9 ball pythons
  4 frilled lizards
  12 kobolds
  A kobold zombie (D:4)
  3 orc zombies (D:4)
  5 rats
224 creatures vanquished.

Notes
Turn   | Place    | Note
-------+----------+-------------------------------------------
     0 | D:1      | Essalna the Tengu Ice Elementalist began the quest for the
                  | Orb.
     0 | D:1      | Reached XP level 1. HP: 10/10 MP: 4/4
   216 | D:1      | Reached skill level 1 in Fighting
   216 | D:1      | Reached XP level 2. HP: 16/16 MP: 4/6
   826 | D:1      | You fall into a shaft and drop 1 floor!
  1003 | D:1      | Reached XP level 3. HP: 20/20 MP: 4/7
  1364 | D:2      | Learned a level 3 spell: Frozen Ramparts
  1521 | D:2      | Got the Spellbook of Volatile Metamorphosis
  1794 | D:2      | Reached XP level 4. HP: 21/26 MP: 2/8
  2560 | D:3      | Found a hazy altar of Hepliaklqana.
  2587 | D:3      | Gained mutation: Your magical nature lets you fly swiftly
                  | and evasively. [Tengu growth]
  2587 | D:3      | Reached XP level 5. HP: 18/32 MP: 4/9
  2804 | D:3      | Found a faded altar of an unknown god.
  3005 | D:5      | Entered Level 5 of the Dungeon
  3046 | D:5      | Noticed a sky beast
  3055 | D:5      | Killed a sky beast
  3056 | D:5      | Reached skill level 5 in Ice Magic
  3143 | D:5      | Reached XP level 6. HP: 34/38 MP: 5/10
  3291 | D:4      | Learned a level 3 spell: Ozocubu's Armour
  3679 | D:4      | Reached XP level 7. HP: 36/44 MP: 6/11
  3748 | D:4      | Reached skill level 5 in Fighting
  4207 | D:4      | Found a runed translucent door.
  4208 | D:4      | Noticed Crazy Yiuf
  4219 | D:4      | Killed Crazy Yiuf
  4464 | D:5      | Found an opulent altar of Gozag.
  4497 | D:5      | Found a staircase to the Ecumenical Temple.
  4507 | Temple   | Entered the Ecumenical Temple
  4535 | Temple   | Became a worshipper of Vehumet
  4693 | D:5      | Noticed Grinder
  4696 | D:5      | Paralysed by Grinder for 3 turns
  4711 | D:5      | Killed Grinder
  4712 | D:5      | Reached XP level 8. HP: 34/52 MP: 6/12
  5043 | D:5      | Found a glowing silver altar of Zin.
  5258 | D:6      | Found Agiafiga's Antique Armour Boutique.
  5294 | D:6      | Noticed Blork the orc
  5315 | D:6      | Killed Blork the orc
  5316 | D:6      | Reached skill level 1 in Armour
  6806 | D:7      | Reached XP level 9. HP: 28/57 MP: 10/13
  7257 | D:7      | Found a runed translucent door.
  7258 | D:7      | Noticed Voker57's ghost (novice DsMo)
  7311 | D:7      | Found an ornate altar of the Wu Jian Council.
  7416 | D:7      | Reached * piety under Vehumet
  7416 | D:7      | Offered knowledge of Sandblast by Vehumet.
  7565 | D:7      | Identified a scroll of acquirement
  7565 | D:7      | Acquired a +1 buckler of reflection
  7633 | D:7      | Gained mutation: Your skin changes colour to match your
                  | surroundings (Stealth+). [potion of mutation]
  7787 | D:8      | Reached skill level 1 in Shields
  8256 | D:8      | Reached skill level 5 in Dodging
  8415 | D:8      | Found a transporter.
  8462 | D:8      | Found a transporter.
  8522 | D:8      | Noticed a troll
  8533 | D:8      | Killed a troll
  8681 | D:8      | Reached ** piety under Vehumet
  8681 | D:8      | Offered knowledge of Foxfire by Vehumet.
  8749 | D:8      | Reached XP level 10. HP: 55/64 MP: 2/14
  8972 | D:9      | Identified the +1 helmet of Derigrorai {Harm}
  9236 | D:9      | Offered knowledge of Scorch by Vehumet.
  9428 | D:9      | Acquired the +3 Elemental Staff {rElec rF+ rC+ AC+3}
  9428 | D:9      | Found the +3 Elemental Staff {rElec rF+ rC+ AC+3}
  9491 | D:9      | Identified the +1 hand axe of Beyond {drain, Fragile
                  | Will+++ Str+4 Stlth+}
  9505 | D:9      | Noticed Grum
  9513 | D:9      | Killed Grum
  9607 | D:10     | Entered Level 10 of the Dungeon
  9607 | D:10     | Found a hide-covered altar of Uskayaw.
  9607 | D:10     | Found a broken altar of Ashenzari.
  9607 | D:10     | Found a snail-covered altar of Cheibriados.
  9621 | D:10     | Reached *** piety under Vehumet
  9635 | D:10     | Noticed Urug
  9648 | D:10     | Killed Urug
  9670 | D:10     | Noticed Erica
  9688 | D:10     | HP: 2/66 [poisoned by Erica (bolt of poison)]
  9692 | D:10     | Killed from afar by Erica

Illustrated notes

Levels and vault maps discovered:
D:1:      dpeg_arrival_signposts, layout_loops_cross, serial_bayou_pond_a,
          grunt_decor_resistance, roderic_lattice_a, minmay_misc_feat_tiny,
          dk_noncrumbling_2, st_stairs_4
D:2:      layout_loops_cross, small_statue_intersection, st_stairs_5
D:3:      layout_rooms, mainiacjoe_overflow_cross_hatched,
          dreamdust_ecumenical_altar_hidden_monk_grotto
D:4:      minmay_recursive_quarters, layout_loops_ring, minmay_mini_ossuary,
          uniq_crazy_yiuf_cottage
D:5:      lemuel_ice_spiral_2, layout_basic,
          pdpol_temple_overflow_zin_treasury_gozag_greed,
          minmay_temple_entry_steel_oval, uniq_grinder
D:6:      layout_basic, serial_shops, nicolae_shop_tiny_statue_garden,
          serial_park_tiny_2, uniq_blork_the_orc
D:7:      layout_basic, mainiacjoe_overflow_alcove_2, gammafunk_ghost_grave,
          serial_curves, eino_curves_02, eino_curves_01, eino_curves_04,
          eino_curves_01, chequers_decorated_corner
D:8:      gammafunk_beogh_shrine, layout_cave_pools, nicolae_figureground_pulse
D:9:      gammafunk_indiana_jones, layout_small_grid, minivault_10, uniq_pikel,
          uniq_grum
D:10:     layout_rooms, grunt_temple_overflow_open, uniq_joseph, uniq_lodul,
          uniq_erica, uniq_urug
Temple:   cyrus_circular_temple

Skill      XL: |  1  2  3  4  5  6  7  8  9 10 |
---------------+-------------------------------+-----
Fighting       | 1 2 3 4 6 7 8 9 |  9.5
Ice Magic      | 4 5 7 8 9 |  9.4
Armour         | 3 4 |  4.0
Dodging        | 3 5 7 |  7.8
Shields        | 3 4 |  4.0
Stealth        | |  2.0
Spellcasting   | |  2.0

Action                     |  1- 3 |  4- 6 |  7- 9 | 10-12 || total
---------------------------+-------+-------+-------+-------++-------
  Melee: Peck              |     1 |    11 |    45 |    28 ||    85
         Unarmed           |     1 |       |       |       ||     1
         Short sword       |       |    55 |   116 |    83 ||   254
         Kick              |       |    11 |    82 |    40 ||   133
         Staff             |       |       |   103 |    34 ||   137
         Punch             |       |       |     1 |       ||     1
   Cast: Freeze            |    59 |    37 |    17 |     1 ||   114
         Frozen Ramparts   |       |     5 |    35 |    10 ||    50
         Ozocubu's Armour  |       |       |    11 |     3 ||    14
    Use: Scroll            |     2 |     2 |    12 |     2 ||    18
         Potion            |       |       |     2 |     2 ||     4
   Stab: Sleeping          |       |     4 |     4 |       ||     8
 Armour: Robe              |    11 |    18 |    70 |       ||    99
         Troll leather arm |       |       |     6 |    20 ||    26
  Dodge: Dodged            |    26 |    49 |   180 |   104 ||   359
  Block: Buckler           |       |       |    16 |    34 ||    50

Table legend: (Time is in decaauts)
 A = Elapsed time spent in this place.
 B = Non-inter-level travel time spent in this place.
 C = Inter-level travel time spent in this place.
 D = Time resting spent in this place.
 E = Time spent auto-exploring this place.
 F = Levels seen in this place.
 G = Mean time per level.
                   A        B        C        D        E       F      G
               +--------+--------+--------+--------+--------+-----+--------+
         Total |   9280 |   8905 |    375 |     29 |   7254 |  11 |  843.6 |
       Dungeon |   9246 |   8877 |    369 |     29 |   7234 |  10 |  924.6 |
        Temple |     34 |     29 |      5 |      0 |     20 |   1 |   34.0 |
               +--------+--------+--------+--------+--------+-----+--------+

Top non-repeatable levels by time:
     D:6: 1309 daAuts
     D:1: 1304 daAuts
     D:7: 1132 daAuts
     D:4: 1081 daAuts
     D:8: 1078 daAuts
     D:2: 1024 daAuts
     D:5: 983 daAuts
     D:9: 658 daAuts
     D:3: 586 daAuts
    D:10: 87 daAuts
  Temple: 34 daAuts
